 Dungeon Crawl Stone Soup version 0.30-b1-2-g02819fbbbe (webtiles) character file.

Game seed: 10115411608061585203

135664 Vorhees the Eclecticist (level 16, -1/139 HPs)
             Began as a Yellow Draconian Earth Elementalist on July 10, 2023.
             Was a High Priest of Vehumet.
             Slain by a +7 battleaxe of electrocution (20 damage)
             ... on level 1 of the Elven Halls.
             The game lasted 01:15:39 (44133 turns).

Vorhees the Eclecticist (DrEE)                     Turns: 44133, Time: 01:15:40

Health: -1/139     AC: 15    Str:  5    XL:     16   Next: 65%
Magic:  28/45      EV: 13    Int: 27    God:    Vehumet [*****.]
Gold:   568        SH: 14    Dex: 18    Spells: 27/48 levels left

rFire   + . .        B - staff of poison "Liol" {rPois rCorr Str-3 Stlth+}
rCold   + . .        o - +3 buckler
rNeg    . . .        (body armour unavailable)
rPois   +            (helmet restricted)
rElec   .            z - scarf {rC+ rF+}
rCorr   +            s - +2 pair of gloves
SInv    .            J - +2 pair of boots
Will    ++++.        q - amulet of reflection
Stlth   +++          P - ring of the Mage {Wiz Archmagi}
HPRegen 0.43/turn    N - ring "Qadehoat" {Will+++ MP+9 Str-3 Int+4 Dex+6}
MPRegen 0.29/turn

%: reflection, wizardry (x1), archmagi
@: no status effects
A: spit acid, AC +9, unfitting armour, acidic bite, cold-blooded, acid
resistance
a: Breathe Acid, Renounce Religion


You were on level 1 of the Elven Halls.
You worshipped Vehumet.
Vehumet was extremely pleased with you.
You visited 6 branches of the dungeon, and saw 27 of its levels.
You also visited: Bailey.

You collected 2202 gold pieces.
You spent 1634 gold pieces at shops.

Inventory:

Hand Weapons
 j - a +2 dagger of electrocution
 p - a +9 short sword of electrocution
 t - the +1 trident "Demon's Regret" {chaos, Fly Int+2 SInv}
   (You found it on level 9 of the Dungeon)

   Int:       It affects your intelligence (+2).
   SInv:      It lets you see invisible.
   Fly:       It grants you flight.
Missiles
 u - 4 throwing nets
Armour
 o - a +3 buckler (worn)
 s - a +2 pair of gloves (worn)
 z - a scarf of resistance (worn)
 J - a +2 pair of boots (worn)
Magical Staves
 B - the staff of poison "Liol" (weapon) {rPois rCorr Str-3 Stlth+}
   (You found it on level 1 of the Swamp)

   [staff of poison]

   Base accuracy: +5 Base damage: 5 Base attack delay: 1.2 This weapon's minimum
   attack delay (0.6) is reached at skill level 12.
   Str:       It affects your strength (-3).
   rPois:     It protects you from poison.
   rCorr:     It protects you from acid and corrosion.
   Stlth:     It makes you more stealthy.
   It falls into the 'Staves' category.
   It is a one-handed weapon.
 R - a staff of conjuration
Jewellery
 b - a ring of flight
 q - an amulet of reflection (around neck)
 N - the ring "Qadehoat" (right hand) {Will+++ MP+9 Str-3 Int+4 Dex+6}
   (You bought it in a shop on level 1 of the Dungeon)

   [ring of dexterity]

   Str:       It affects your strength (-3).
   Int:       It affects your intelligence (+4).
   Dex:       It affects your dexterity (+6).
   MP:        It affects your magic capacity (+9).
   Will:      It greatly increases your willpower.
 P - the ring of the Mage (left hand) {Wiz Archmagi}
   (You bought it in a shop on level 2 of the Orcish Mines)

   [ring of wizardry]

   It improves your spell success rate.
   Archmagi:  It increases the power of your magical spells.
 Q - a ring of magical power
 U - a ring of see invisible
Wands
 g - a wand of paralysis (47)
 l - a wand of mindburst (17)
 A - a wand of light (12)
 D - a wand of iceblast (9)
 G - a wand of polymorph (21)
 H - a wand of flame (56)
 K - a wand of digging (11)
Scrolls
 d - 3 scrolls of amnesia
 k - 8 scrolls of teleportation
 r - 2 scrolls of enchant armour
 y - 11 scrolls of identify
 C - 5 scrolls of poison
 L - 6 scrolls of magic mapping
 M - a scroll of fear
 O - a scroll of butterflies
 S - a scroll of enchant weapon
 T - a scroll of brand weapon
Potions
 a - a potion of ambrosia
 c - 3 potions of attraction
 e - 8 potions of brilliance
 f - 11 potions of curing
 h - 4 potions of lignification
 i - 3 potions of cancellation
 m - 3 potions of berserk rage
 n - 3 potions of mutation
 v - 3 potions of haste
 w - a potion of invisibility
 x - 3 potions of might
 E - 2 potions of magic
 F - 4 potions of flight
 I - 5 potions of resistance
 V - 2 potions of heal wounds


   Skills:
 * Level 12.0 Fighting
 - Level 0.6 Short Blades
 + Level 3.3(3.4) Polearms
 + Level 1.1(2.3) Staves
 - Level 4.1 Dodging
 - Level 1.7 Stealth
 - Level 6.2 Shields
 - Level 16.8 Spellcasting
 - Level 15.3 Conjurations
 - Level 1.0 Transmutations
 * Level 9.2 Ice Magic
 - Level 1.3 Air Magic
 - Level 11.1 Earth Magic
 + Level 1.6 Evocations


You had 27 spell levels left.
You knew the following spells:

 Your Spells              Type           Power      Damage    Failure   Level
a - Sandblast             Erth           100%       2d20      1%          1
b - Stone Arrow           Conj/Erth      100%       3d13      1%          3
c - Freezing Cloud        Conj/Ice/Air   40%        6-21      1%          5
d - Irradiate             Conj/Tmut      39%        3d24      1%          5
e - Ozocubu's Refrigerat  Ice            41%        4d16      8%          7

Your spell library contained the following spells:

 Spells                   Type           Power      Damage    Failure   Level
 Yara's Violent Unravell  Hex/Tmut       19%        3d9       9%          5
 Magic Dart               Conj           100%       1d8       0%          1
 Searing Ray              Conj           100%       2d8       0%          2
 Beastly Appendage        Tmut           84%        N/A       1%          1
 Necrotise                Necr           100%       1d9       1%          1
 Summon Small Mammal      Summ           100%       N/A       1%          1
 Cigotuvi's Dreadful Rot  Necr/Pois/Air  100%       N/A       1%          2
 Momentum Strike          Conj/Tloc      100%       3d10      1%          2
 Passwall                 Tmut/Erth      58%        N/A       1%          2
 Wereblood                Tmut           42%        N/A       1%          2
 Ignite Poison            Fire/Tmut/Pois 53%        N/A       1%          3
 Inner Flame              Hex/Fire       34%        N/A       1%          3
 Ozocubu's Armour         Ice            83%        N/A       1%          3
 Flame Wave               Conj/Fire      77%        2d17      1%          4
 Fulminant Prism          Conj/Hex       38%        3d17      1%          4
 Petrify                  Tmut/Erth      70%        N/A       1%          4
 Sticky Flame             Conj/Fire      77%        2d9       1%          4
 Blink                    Tloc           68%        N/A       2%          2
 Lesser Beckoning         Tloc           68%        N/A       2%          2
 Spider Form              Tmut/Pois      55%        N/A       3%          3
 Call Canine Familiar     Summ           34%        N/A       4%          3
 Portal Projectile        Hex/Tloc       68%        N/A       4%          3
 Summon Guardian Golem    Hex/Summ       34%        N/A       4%          3
 Tukima's Dance           Hex            34%        N/A       4%          3
 Vampiric Draining        Necr           34%        2d8       4%          3
 Metabolic Englaciation   Hex/Ice        32%        N/A       6%          5
 Anguish                  Hex/Necr       17%        N/A       14%         4
 Manifold Assault         Tloc           34%        N/A       14%         4
 Blade Hands              Tmut           21%        N/A       24%         5
 Alistair's Intoxication  Tmut/Pois      36%        N/A       30%         5
 Simulacrum               Ice/Necr       32%        N/A       30%         6
 Agony                    Necr           34%        N/A       34%         5
 Summon Forest            Summ/Tloc      17%        N/A       34%         5
 Eringya's Noxious Bog    Tmut/Pois      27%        N/A       38%         6
 Dispersal                Tloc           17%        N/A       88%         6
 Enfeeble                 Hex            17%        N/A       100%        7
 Summon Hydra             Summ           17%        N/A       100%        7
 Disjunction              Tloc           17%        N/A       100%        8


Dungeon Overview and Level Annotations

Branches:
Dungeon (15/15)            Temple (1/1) D:4            Lair (5/5) D:11
  Swamp (3/4) Lair:3       Spider (0/4) Lair:3        Slime (0/5) Lair:5
    Orc (2/2) D:12            Elf (1/3) Orc:2        Vaults (0/5) D:13
 Depths (0/4) D:15         Bailey (visited)

Altars:
Ashenzari
Cheibriados
Dithmenos
Elyvilon
Fedhas
Gozag
Hepliaklqana
Kikubaaqudgha
Makhleb
Nemelex Xobeh
Okawaru
Qazlal
Ru
Sif Muna
Trog
Uskayaw
Vehumet
Wu Jian
Xom
Yredelemnul
Zin
The Shining One
Jiyva

Shops:
D:1 =   D:5 *   D:11 !   Orc:1 *   Orc:2 ((*=?

Annotations:
D:9 exclusion: orange crystal statue
Lair:5 1 runed translucent door
Orc:2 3 runed translucent doors, rdm's ghost, journeyman HuIE


Innate Abilities, Weirdness & Mutations

You can spit globs of acid.
Your golden yellow scales are hard. (AC +9)
You cannot fit into any form of body armour.
You have acidic saliva.
You are cold-blooded and may be slowed by cold attacks.
You are resistant to acid. (rCorr)


Message History

Save game and exit?
Welcome back, Vorhees the Yellow Draconian Earth Elementalist.
Vehumet says: Let it end in hellfire!
Press ? for a list of commands and other information.
Found a scroll of teleportation.
k - 8 scrolls of teleportation (gained 1)
There is an open door here.
You now have 568 gold pieces (gained 16).
You open the door.
There is an open door here.
A +0 dire flail of holy wrath comes into view.
You feel a surge of power!
The stone arrow hits the +7 battleaxe of electrocution.
The +7 battleaxe of electrocution is lightly damaged.
You feel a surge of power!
The stone arrow misses the +7 battleaxe of electrocution.
You feel a surge of power!
The stone arrow misses the +7 battleaxe of electrocution.
The +7 battleaxe of electrocution hits you!!!
You feel a surge of power!
The stone arrow hits the +7 battleaxe of electrocution!!
The +7 battleaxe of electrocution is severely damaged.
The +7 battleaxe of electrocution hits you!
You feel a surge of power!
The stone arrow hits the +7 battleaxe of electrocution but does no damage.
The +7 battleaxe of electrocution is severely damaged.
The +7 battleaxe of electrocution hits you but does no damage.
You are electrocuted!
You block the +0 dire flail of holy wrath's attack.
You feel a surge of power!
The stone arrow misses the +7 battleaxe of electrocution.
You block the +0 dire flail of holy wrath's attack.
The +7 battleaxe of electrocution hits you!!
You are electrocuted!
* * * LOW HITPOINT WARNING * * *
A +2 mace of holy wrath comes into view.
The +7 battleaxe of electrocution hits you!
* * * LOW HITPOINT WARNING * * *
You are electrocuted!!
You die...

.....#. ##.## #.
........ #. #.# #.
....... .#. #.# #.
........... ##'## #.
........ ## ##...## #.
.......# ##.....## ##
....... ##.......## #
##....(####.........####
......(@..'.........'...
###....####.........####
#(#.# ##.......## # # ##
##.....## #. ##...## #.
##.... ... #.######. #.#
#


You could see 3 dancing weapons.

Vanquished Creatures
  Kirke (Lair:2)
  2 thorn hunters (Swamp:3)
  2 fenstrider witches (Swamp:2)
  A fire giant (D:15)
  5 slime creatures
  Nessos (D:13)
  3 eleionomae
  4 bunyips
  Snorg (Lair:3)
  2 shambling mangroves (Swamp:3)
  16 hydras
  6 centaur warriors
  A merfolk avatar (Lair:5)
  4 boulder beetles
  6 alligators
  3 catoblepae
  5 two-headed ogres
  A ghost crab (Swamp:2)
  A dancing weapon (Elf:1)
  2 tengu warriors (D:15)
  A two-headed ogre (shapeshifter) (D:13)
  3 orc high priests (Orc:2)
  A death yak (Lair:5)
  Urug (D:13)
  A deep elf knight (Elf:1)
  2 skysharks (Lair:5)
  3 spriggan druids
  A fire crab (D:13)
  2 sea snakes (Lair:5)
  7 goliath frogs
  7 bog bodies
  2 deep elf archers (Elf:1)
  4 swamp dragons
  Pikel (D:4)
  4 deep elf pyromancers
  2 deep elf zephyrmancers (Elf:1)
  4 manticores
  7 orc knights
  An oklob plant (Swamp:3)
  6 orc sorcerers
  2 will-o-the-wisps
  8 ugly things
  5 cyclopes
  9 elephants
  Maurice (D:11)
  A rust devil (D:13)
  An eye of devastation (shapeshifter) (D:9)
  A black mamba (shapeshifter) (D:15)
  5 black mambas
  3 gargoyles
  7 torpor snails
  A smoke demon (D:13)
  8 cane toads
  An unseen horror (D:5)
  An efreet (D:14)
  A rime drake (shapeshifter) (D:14)
  5 rime drakes
  Psyche (D:9)
  2 kobold demonologists (D:10)
  5 yaktaurs (D:15)
  7 komodo dragons
  A freezing wraith (D:15)
  A troll (shapeshifter) (D:13)
  5 polar bears
  11 trolls
  A meliai (Lair:3)
  A wind drake (Lair:5)
  2 bloated husks
  5 tyrant leeches
  9 hornets
  A snapping turtle (Lair:5)
  20 blink frogs
  A vampire (D:9)
  3 spriggans
  A shadow (D:10)
  2 wraiths
  6 wyverns
  2 basilisks
  6 hogs
  17 humans
  77 yaks
  Eustachio (D:4)
  3 fire bats (Lair:2)
  2 steam dragons (Lair:5)
  11 vampire mosquitoes
  Edmund (D:4)
  7 wargs
  11 swamp worms
  15 water moccasins
  Duvessa (D:6)
  2 acid dragons
  A floating eye (shapeshifter) (D:15)
  32 orc warriors
  2 swamp drakes
  2 black bears
  17 centaurs
  7 ogres
  9 wolves
  4 kobold brigands
  4 lemures (D:4)
  17 bullfrogs
  2 gnoll sergeants
  4 scorpions
  An earth elemental (Elf:1)
  Dowan (D:6)
  4 killer bees (Lair:3)
  4 howler monkeys
  3 hounds
  3 jellies
  19 orc priests
  3 iguanas
  A sleepcap (D:4)
  Jessica (D:3)
  13 orc wizards
  10 gnolls
  5 adders
  A shadow imp (D:7)
  3 white imps
  2 ufetubi
  2 dart slugs
  71 orcs
  5 endoplasms
  A giant cockroach (D:2)
  11 goblins
  7 hobgoblins
  5 jackals
  24 kobolds
  6 quokkas
  5 ball pythons
  2 bats
  2 frilled lizards
  4 rats (D:3)
  4 briar patches (Swamp:3)
752 creatures vanquished.

Vanquished Creatures (others)
  A bullfrog (Lair:3)
  A demonic plant (D:13)
  8 foxfires
  54 fungi
  131 plants
195 creatures vanquished.

Grand Total: 947 creatures vanquished

Notes
Turn   | Place    | Note
-------+----------+-------------------------------------------
     0 | D:1      | Vorhees the Draconian Earth Elementalist began the quest
                  | for the Orb.
     0 | D:1      | Reached XP level 1. HP: 14/14 MP: 3/3
   299 | D:1      | Found Meomocs's Jewellery Shop.
   302 | D:1      | Reached XP level 2. HP: 20/20 MP: 3/5
   597 | D:1      | Found a faded altar of an unknown god.
  1121 | D:2      | Reached XP level 3. HP: 23/26 MP: 1/6
  1901 | D:3      | Found a bloodstained altar of Trog.
  2084 | D:3      | Noticed Jessica
  2089 | D:3      | Killed Jessica
  2090 | D:3      | Reached XP level 4. HP: 32/34 MP: 4/8
  2696 | D:4      | Noticed a scorpion
  2704 | D:4      | Killed a scorpion
  2705 | D:4      | Reached skill level 1 in Fighting
  2705 | D:4      | Reached skill level 3 in Spellcasting
  2705 | D:4      | Reached XP level 5. HP: 40/40 MP: 2/9
  2772 | D:4      | Learned a level 3 spell: Stone Arrow
  2775 | D:4      | Reached skill level 5 in Earth Magic
  2909 | D:4      | Found a staircase to the Ecumenical Temple.
  2922 | Temple   | Entered the Ecumenical Temple
  2967 | D:4      | Reached XP level 6. HP: 47/47 MP: 8/11
  2971 | D:4      | Reached skill level 4 in Spellcasting
  3376 | D:4      | Noticed Eustachio
  3404 | D:4      | Killed Eustachio
  3405 | D:4      | Reached skill level 1 in Conjurations
  3511 | D:4      | Noticed Pikel
  3969 | D:4      | Killed Pikel
  3970 | D:4      | Reached skill level 5 in Spellcasting
  3970 | D:4      | Your scales start taking on a golden yellow colour.
  3970 | D:4      | Reached XP level 7. HP: 54/56 MP: 1/15
  3970 | D:4      | Gained mutation: You are resistant to acid. (rCorr) [Yellow
                  | Draconian growth]
  4178 | D:4      | Noticed Edmund
  4547 | D:4      | Killed Edmund
  4548 | D:4      | Reached XP level 8. HP: 43/62 MP: 2/16
  4974 | D:5      | Entered Level 5 of the Dungeon
  5197 | D:5      | Found Busaos's General Store.
  5484 | D:5      | Killed an unseen horror
  5485 | D:5      | Reached skill level 6 in Spellcasting
  5916 | D:5      | Found a hide-covered altar of Uskayaw.
  6344 | D:6      | Found a radiant altar of Vehumet.
  6348 | D:6      | Became a worshipper of Vehumet
  7155 | D:6      | You fall into a shaft and drop 3 floors!
  7211 | D:9      | Reached XP level 9. HP: 63/71 MP: 11/18
  7372 | D:9      | Identified the +1 trident "Demon's Regret" {chaos, Fly
                  | Int+2 SInv}
  7393 | D:9      | Noticed a two-headed ogre
  7401 | D:9      | Killed a two-headed ogre
  7402 | D:9      | Reached skill level 7 in Spellcasting
  7402 | D:9      | Reached skill level 5 in Conjurations
  7438 | D:9      | Noticed Psyche
  7446 | D:9      | Killed Psyche
  7693 | D:9      | Noticed an orange crystal statue
  7810 | D:9      | Found a hazy altar of Hepliaklqana.
  8065 | D:7      | Found a shimmering blue altar of Sif Muna.
  8251 | D:7      | Found a flagged portal.
  8260 | Bailey   | Entered a bailey
  8603 | Bailey   | Reached * piety under Vehumet
  8603 | Bailey   | Offered knowledge of Kiss of Death by Vehumet.
  8894 | Bailey   | Reached skill level 1 in Polearms
  8918 | Bailey   | Reached XP level 10. HP: 67/80 MP: 1/21
  9510 | D:7      | Reached skill level 5 in Fighting
  9813 | D:6      | Noticed Dowan
  9814 | D:6      | Noticed Duvessa
 10020 | D:7      | Reached skill level 8 in Spellcasting
 10151 | D:6      | Killed Duvessa
 10262 | D:6      | Killed Dowan
 12074 | D:9      | a yak changed into a glowing shapeshifter
 12074 | D:9      | Noticed a glowing shapeshifter (glowing shapeshifter)
 12074 | D:9      | a glowing shapeshifter changed into a death drake
 12074 | D:9      | Noticed a death drake (glowing shapeshifter)
 12078 | D:9      | a death drake changed into a swamp worm
 12367 | D:10     | Entered Level 10 of the Dungeon
 12841 | D:9      | Reached skill level 10 in Earth Magic
 13058 | D:10     | Offered knowledge of Magic Dart by Vehumet.
 13066 | D:10     | Reached ** piety under Vehumet
 13067 | D:10     | Reached XP level 11. HP: 91/91 MP: 7/23
 13081 | D:10     | Reached skill level 9 in Spellcasting
 14233 | D:10     | Noticed a sea snake
 14440 | D:11     | Reached skill level 1 in Shields
 14653 | D:11     | Noticed Maurice
 15183 | D:11     | Found a staircase to the Lair.
 15955 | D:11     | Noticed a sun demon
 16037 | D:11     | Found Cietzow's Distillery.
 16079 | D:11     | Noticed a two-headed ogre
 16104 | D:11     | Killed a two-headed ogre
 16470 | D:11     | Killed Maurice
 16471 | D:11     | Reached skill level 10 in Spellcasting
 16693 | Lair:1   | Entered Level 1 of the Lair of Beasts
 16709 | Lair:1   | Noticed a catoblepas
 16725 | Lair:1   | Offered knowledge of Hailstorm by Vehumet.
 17068 | Lair:1   | Killed a catoblepas
 17069 | Lair:1   | Reached XP level 12. HP: 100/100 MP: 14/26
 17575 | Lair:1   | Reached *** piety under Vehumet
 17775 | Lair:1   | Reached skill level 10 in Conjurations
 17907 | Lair:1   | Reached skill level 1 in Evocations
 18047 | Lair:1   | Found a snail-covered altar of Cheibriados.
 18211 | Lair:1   | Offered knowledge of Airstrike by Vehumet.
 18459 | Lair:1   | Learned a level 5 spell: Freezing Cloud
 18550 | Lair:2   | Reached skill level 11 in Spellcasting
 18760 | Lair:2   | Reached skill level 1 in Ice Magic
 19236 | Lair:2   | Reached **** piety under Vehumet
 19450 | Lair:2   | Offered knowledge of Fulminant Prism by Vehumet.
 20307 | Lair:3   | Found a hole to the Spider Nest.
 20323 | Lair:3   | Noticed Snorg
 20331 | Lair:3   | Killed Snorg
 20353 | Lair:3   | Reached XP level 13. HP: 87/107 MP: 6/28
 20744 | Lair:3   | Noticed Kirke
 21473 | Lair:2   | Killed Kirke
 21474 | Lair:2   | Reached skill level 12 in Spellcasting
 22188 | Lair:3   | Found a staircase to the Swamp.
 22471 | D:1      | Bought the ring "Qadehoat" {Will+++ MP+9 Str-3 Int+4 Dex+6}
                  | for 920 gold pieces
 23988 | Lair:4   | Found an ornate altar of the Wu Jian Council.
 24137 | Lair:5   | Entered Level 5 of the Lair of Beasts
 24148 | Lair:4   | Reached ***** piety under Vehumet
 24428 | Lair:5   | Offered knowledge of Eringya's Noxious Bog by Vehumet.
 25436 | Lair:5   | Reached skill level 13 in Spellcasting
 26356 | Lair:5   | Gained mutation: You have acidic saliva. [Yellow Draconian
                  | growth]
 26356 | Lair:5   | Reached XP level 14. HP: 94/118 MP: 28/31
 26713 | Lair:5   | Found a runed translucent door.
 26717 | Lair:5   | Noticed a tentacled starspawn
 27141 | Lair:5   | Found a staircase to the Slime Pits.
 27142 | Lair:5   | Found a viscous altar of Jiyva.
 28623 | D:12     | Found a staircase to the Orcish Mines.
 29363 | Orc:1    | Entered Level 1 of the Orcish Mines
 29585 | Orc:2    | Entered Level 2 of the Orcish Mines
 29753 | Orc:2    | Found Joum's Magic Scroll Shop.
 29909 | Orc:2    | Reached skill level 14 in Spellcasting
 29909 | Orc:2    | Reached skill level 5 in Ice Magic
 30385 | Orc:2    | Found a runed translucent gate.
 30385 | Orc:2    | Found a runed translucent gate.
 30385 | Orc:2    | Found a runed translucent gate.
 30579 | Orc:2    | Noticed rdm's ghost (journeyman HuIE)
 30669 | Orc:2    | Offered knowledge of Conjure Ball Lightning by Vehumet.
 30718 | Orc:2    | Found a staircase to the Elven Halls.
 31182 | Orc:2    | Found Gadanah's Jewellery Shoppe.
 31182 | Orc:2    | Found Kiloti's Weapon Shoppe.
 31184 | Orc:2    | Found Qaomeb's Assorted Antiques.
 31184 | Orc:2    | Found Yriushru's Weapon Shop.
 32350 | Orc:1    | Found Kiesuownunue's Overcharged Wands.
 32764 | Orc:2    | Bought the ring of the Mage {Wiz Archmagi} for 714 gold
                  | pieces
 32764 | Orc:2    | Found the ring of the Mage {Wiz Archmagi}
 32864 | D:13     | Noticed Nessos
 32864 | D:13     | Noticed Urug
 32864 | D:13     | Found a gate to the Vaults.
 32872 | D:13     | Killed Nessos
 32874 | D:13     | Killed Urug
 32875 | D:13     | Reached skill level 10 in Fighting
 33525 | D:13     | Reached XP level 15. HP: 101/126 MP: 26/33
 33546 | D:13     | Offered knowledge of Irradiate by Vehumet.
 33843 | D:13     | Reached skill level 1 in Air Magic
 34166 | D:13     | Reached skill level 15 in Conjurations
 34620 | D:13     | Got the Volume of Gathered Alteration
 34715 | D:14     | Reached skill level 15 in Spellcasting
 34780 | D:14     | Learned a level 5 spell: Irradiate
 34963 | D:14     | Identified the +4 war axe "Vaharar" {holy, Will+}
 35140 | D:14     | Reached skill level 5 in Shields
 35902 | D:15     | Entered Level 15 of the Dungeon
 36310 | D:15     | Found a staircase to the Depths.
 36311 | D:15     | Noticed a fire giant
 36311 | D:15     | Identified the +0 scale mail "Jyetoj" {rF+ Str-4 Int+3}
 36316 | D:15     | Killed a fire giant
 37612 | Swamp:1  | Entered Level 1 of the Swamp
 37808 | Swamp:1  | Reached skill level 1 in Staves
 38625 | Swamp:1  | Identified the staff of poison "Liol" {rPois rCorr Str-3
                  | Stlth+}
 38929 | Swamp:1  | Reached skill level 16 in Spellcasting
 39297 | Swamp:2  | Offered knowledge of Ozocubu's Refrigeration by Vehumet.
 39378 | Swamp:2  | Learned a level 7 spell: Ozocubu's Refrigeration
 39821 | Swamp:2  | Reached XP level 16. HP: 86/137 MP: 25/36
 42706 | Swamp:3  | Noticed a thorn hunter
 42714 | Swamp:3  | Killed a thorn hunter
 42810 | Swamp:3  | Noticed a thorn hunter
 42837 | Swamp:3  | Killed a thorn hunter
 43313 | Swamp:3  | Offered knowledge of Yara's Violent Unravelling by Vehumet.
 43693 | Elf:1    | Entered Level 1 of the Elven Halls
 44133 | Elf:1    | Slain by a +7 battleaxe of electrocution

Illustrated notes

Levels and vault maps discovered:
D:1:      scummos_arrival_gate, layout_basic,
          shapermc_ecumenical_altar_notcrosses, serial_shops, shop,
          nicolae_titane
D:2:      layout_basic, grunt_decor_fettered
D:3:      layout_loops_ring, amcnicky_altar_gilded, uniq_jessica
D:4:      layout_basic, minmay_temple_entry_slanted, uniq_pikel, uniq_edmund,
          uniq_eustachio
D:5:      layout_gridville, marbit_many_paths, serial_shops,
          nicolae_diamond_shop, nicolae_hexahallways,
          hangedman_decor_clover_reticule
D:6:      layout_cave_pools, fiery_altar_vehumet, uniq_duvessa
D:7:      layout_cave_pools, overflow_temple_1_default, enter_bailey_3,
          kennysheep_another_room
D:8:      layout_loops_ring, minmay_misc_feat_secret_circle
D:9:      layout_roguey, nicolae_hepliaklqana_hazy_memory, minivault_16,
          uniq_psyche
D:10:     layout_loops_ring, serial_aquarium, aquarium_bridge_square
          [aquarium_subvault_bridge, aquarium_subvault_wall,
          aquarium_subvault_wall, aquarium_subvault_bridge], aquarium_window_2,
          aquarium_window_1, aquarium_window_fake, aquarium_view_2d,
          kennysheep_nondescript, minmay_misc_feat_x
D:11:     layout_cave_pools, minmay_lair_entry_grove, serial_shops, shop,
          uniq_maurice
D:12:     layout_cave_pools, david_orc_3, grunt_ministairs_5
D:13:     layout_cross, david_vaults_3, serial_demonic, serial_demonic_e,
          serial_demonic_b, serial_demonic_e, serial_demonic_a,
          minmay_pinched_square
D:14:     layout_roguey, nicolae_kite_square_tiling_large
D:15:     grunt_enter_depths_giant_problem, layout_loops_ring
Temple:   sentei_temple_godly_chess
Lair:1:   layout_loops_ring, serial_bayou_lagoon_a, kennysheep_snail_temple
Lair:2:   layout_chaotic_city, nicolae_volcano_entry_batcave
Lair:3:   layout_cave_pods, skrybe_swamp_entry_bodies,
          hellmonk_spider_entry_not_the_bees, uniq_snorg, uniq_kirke
Lair:4:   layout_cave_shapes, basic_altar, grunt_megastairs_5
Lair:5:   gammafunk_lair_ancient_temple, layout_small_grid, slime_entry_1,
          pdpol_lair_cabin_in_the_woods
Swamp:1:  layout_basic_swamp, hangedman_swamp_ruin_hall, swamp_pool3,
          hangedman_swamp_diagram
Swamp:2:  nzn_winding_woodlands_cross [nzn_winding_woodlands_5x15_crooked,
          nzn_winding_woodlands_5x15_sidewinder,
          nzn_winding_woodlands_5x15_pockets,
          nzn_winding_woodlands_5x15_split_checker,
          nzn_winding_woodlands_15x15_witchcraft], layout_falls_marsh,
          infiniplex_staircase_pool
Swamp:3:  nicolae_swamp_phyte_club, layout_basic_swamp, hangedman_swamp_pad,
          swamp_pool4, nicolae_swamp_necromancy_gone_wrong
Orc:1:    layout_diamond_mine, nicolae_shop_overcharged_wands
Orc:2:    st_orc_elflike, layout_caves, basic_altar, gammafunk_ghost_necromancy,
          serial_shops, shop_fountains
Elf:1:    layout_loops_corners, evilmike_minifort

Skill      XL: |  1  2  3  4  5  6  7  8  9 10 11 12 13 14 15 16 |
---------------+-------------------------------------------------+-----
Earth Magic    | 4 5 6 7 8 10 11 | 11.1
Fighting       | 1 2 3 4 6 7 8 9 10 11 12 | 12.0
Spellcasting   | 3 5 6 7 8 10 11 13 14 16 | 16.8
Conjurations   | 2 3 4 6 7 9 11 13 14 15 | 15.3
Polearms       | 1 2 3 |  3.3
Shields        | 2 3 4 5 6 |  6.2
Evocations     | 1 |  1.6
Ice Magic      | 2 4 5 6 9 |  9.2
Air Magic      | 1 |  1.3
Dodging        | 3 4 |  4.1
Staves         | 1 |  1.1
Short Blades   | |  0.6
Stealth        | |  1.7
Transmutations | |  1.0

Action                     |  1- 3 |  4- 6 |  7- 9 | 10-12 | 13-15 | 16-18 || total
---------------------------+-------+-------+-------+-------+-------+-------++-------
  Melee: Unarmed           |    13 |       |     4 |       |       |       ||    17
         Tailslap          |     4 |     4 |     4 |    27 |    11 |     1 ||    51
         Dagger            |       |    16 |     8 |       |       |       ||    24
         Punch             |       |       |     1 |       |       |       ||     1
         Short sword       |       |       |    16 |    84 |    26 |       ||   126
         Trident           |       |       |    21 |    56 |       |       ||    77
         Staff             |       |       |       |       |    45 |     2 ||    47
         Bite              |       |       |       |       |     8 |     1 ||     9
   Cast: Sandblast         |    66 |    39 |       |       |       |       ||   105
         Stone Arrow       |       |    26 |   105 |   364 |   926 |   180 ||  1601
         Freezing Cloud    |       |       |       |     2 |    24 |    12 ||    38
         Irradiate         |       |       |       |       |     2 |     5 ||     7
         Ozocubu's Refrige |       |       |       |       |       |     9 ||     9
Ability: Breathe Acid      |       |       |     2 |       |     2 |       ||     4
  Evoke: Wand              |       |     1 |       |     1 |       |       ||     2
    Use: Scroll            |     5 |     4 |     8 |    22 |     8 |     1 ||    48
         Potion            |       |     2 |     6 |     2 |     8 |     1 ||    19
   Stab: Paralysed         |       |     8 |     1 |     1 |       |       ||    10
 Armour: Skin              |     8 |     5 |    27 |    61 |   216 |    35 ||   352
  Dodge: Dodged            |    26 |    12 |    43 |   103 |   198 |    47 ||   429
  Block: Other             |       |       |    14 |    19 |       |       ||    33
         Reflection        |       |       |       |     8 |    38 |     6 ||    52
         Buckler           |       |       |       |    72 |   334 |    65 ||   471
